 Dungeon Crawl Stone Soup version 0.31-a0-145-g046c7d2549 (webtiles) character file.

Game seed: 6679520190608811452

4742 Esekla the Covert (level 10, -1/68 HPs)
             Began as an Octopode Delver on June 6, 2023.
             Was an Initiate of Gozag.
             Slain by a manticore (11 damage)
             ... on level 8 of the Dungeon.
             The game lasted 00:52:48 (10539 turns).

Esekla the Covert (Octopode Delver)                Turns: 10539, Time: 00:52:48

Health: -1/68      AC:  1    Str: 11    XL:     10   Next: 46%
Magic:  17/17      EV: 15    Int: 17    God:    Gozag
Gold:   1870       SH:  5    Dex: 14    Spells: 16/18 levels left

rFire   . . .        a - +0 scimitar
rCold   . . .        (no shield)
rNeg    . . .        (helmet restricted)
rPois   .            v - amulet of reflection
rElec   .            x - ring of wizardry
rCorr   +            E - ring of resist corrosion
SInv    .            (no ring)
Will    .....        (no ring)
Stlth   ++++++       (no ring)
HPRegen 0.31/turn    (no ring)
MPRegen 0.15/turn    (no ring)
                     (no ring)

%: reflection, wizardry (x1)
@: attractive
A: almost no armour, amphibious, 8 rings, camouflage 1, gelatinous body 1,
(nimble swimmer 1), tentacles
a: Renounce Religion, Potion Petition, Call Merchant, Bribe Branch


You were on level 8 of the Dungeon.
You worshipped Gozag.
Gozag was most pleased with you.
You visited 2 branches of the dungeon, and saw 9 of its levels.
You also visited: Sewer.

You collected 1891 gold pieces.
You paid 21 gold pieces to Gozag.

Inventory:

Hand Weapons
 a - a +0 scimitar (weapon)
 r - a +0 trident
 s - a +0 dagger
Missiles
 q - 7 poisoned darts (quivered)
Jewellery
 n - a ring of ice
 v - an amulet of reflection (around mantle)
 x - a ring of wizardry (left tentacle)
 A - a ring of ice
 E - a ring of resist corrosion (right tentacle)
Wands
 f - a wand of digging (1)
 i - a wand of iceblast (6)
Scrolls
 b - 2 scrolls of fog
 d - 2 scrolls of fear
 l - 5 scrolls of magic mapping
 m - 2 scrolls of enchant armour
 p - 2 scrolls of butterflies
 y - 2 scrolls of poison
 B - a scroll of brand weapon {unknown}
 F - a scroll of vulnerability {unknown}
Potions
 e - a potion of haste
 j - 3 potions of curing
 k - a potion of attraction
 o - 5 potions of enlightenment
 w - a potion of brilliance
 z - a potion of invisibility
 C - a potion of might {unknown}
 D - a potion of berserk rage {unknown}


   Skills:
 * Level 5.9 Fighting
 + Level 1.3(5.1) Short Blades
 * Level 7.9(8.0) Long Blades
 + Level 2.0 Throwing
 * Level 5.8 Dodging
 + Level 10.9 Stealth
 * Level 2.1 Shields
 * Level 4.7 Spellcasting
 * Level 5.2 Translocations
 + Level 1.2 Evocations


You had 16 spell levels left.
You knew the following spells:

 Your Spells              Type           Power      Damage    Failure   Level
b - Blink                 Tloc           42%        N/A       1%          2

Your spell library contained the following spells:

 Spells                   Type           Power      Damage    Failure   Level
 Lesser Beckoning         Tloc           42%        N/A       1%          2
 Gell's Gravitas          Tloc           21%        N/A       2%          3
 Teleport Other           Tloc           21%        N/A       2%          3
 Momentum Strike          Conj/Tloc      24%        3d8       3%          2
 Hailstorm                Conj/Ice       3%         3d3       17%         3
 Ice Form                 Ice/Tmut       3%         N/A       47%         4
 Simulacrum               Ice/Necr       Unusable   N/A       N/A         6

Dungeon Overview and Level Annotations

Branches:
Dungeon (8/15)             Temple (1/1) D:5           Sewer (visited)
   Lair: D:8-11

Altars:
Ashenzari
Cheibriados
Dithmenos
Elyvilon
Gozag
Hepliaklqana
Makhleb
Nemelex Xobeh
Okawaru
Ru
Sif Muna
Trog
Uskayaw
Vehumet
Wu Jian
Xom
Yredelemnul
Zin
The Shining One

Annotations:
D:6 Maggie
D:7 3 runed translucent doors, SirDiesAlot's ghost, novice SpHu; ZoeForever1's ghost, novice DEFE


Innate Abilities, Weirdness & Mutations

You cannot wear most types of armour.
You are amphibious.
You can wear up to eight rings at the same time.
Your skin changes colour to match your surroundings (Stealth+).
Your rubbery body absorbs attacks. (AC +1, EV +1)
((You are camouflaged when in or above water. (Stealth+)))
You have tentacles for arms and can constrict up to eight enemies at once.


Message History

HP restored.
Things that are here:
a +0 robe; a +0 scimitar
There is a stone staircase leading down here.
You climb downwards.
The manticore misses you. The manticore claws you.
You block the manticore's attack.
There is a stone staircase leading up here.
It was a potion of attraction.
You feel attractive to monsters. The manticore barely misses you.
The manticore closely misses you. The manticore misses you.
You hit the manticore. You squeeze the manticore.
The manticore is lightly wounded.
The manticore bites you!!
The manticore claws you but does no damage.
The manticore claws you.
Okay, then.
Okay, then.
It was a potion of ambrosia.
You are confused.
You feel invigorated. The manticore barely misses you.
The manticore closely misses you. The manticore claws you!
You hit the manticore. Your squeeze misses the manticore.
The manticore is lightly wounded.
The manticore misses you. The manticore claws you.
The manticore closely misses you.
You bump into the rock wall.
The manticore bites you!!
* * * LOW HITPOINT WARNING * * *
The manticore closely misses you. The manticore claws you!
* * * LOW HITPOINT WARNING * * *
You feel better.
You feel less invigorated. The manticore completely misses you.
The manticore claws you!
* * * LOW HITPOINT WARNING * * *
The manticore barely misses you.
Okay, then.
You feel better. The manticore bites you!
* * * LOW HITPOINT WARNING * * *
The manticore closely misses you. The manticore claws you!
You die...
Your body crumbles into a pile of gold.

..z..#...~....# #.#
.....#...~~~..##......# #.##
.....#..~~~...##......# #.#.
.....#..)))...##......# #.#.
...).#........##......# #.#.
.....##......###......# #.#.
......###'######......# #...
######........##......# ######
..# #.....##.##@.....# #.....
#.#
#.....##...H.....######.###.
#.####........##.............#
#.
#.......##.#####.#####.#######
#. #######.##.##....#####.####
#. #### #.....#.###.........#
## ...#######..#.###.####.##.#
.#.#..(........##.# #....#
.#.#.######..#..).# ####.#


You could see a manticore.

Vanquished Creatures
  Pikel (D:6)
  Prince Ribbit (D:5)
  A yak (D:8)
  Eustachio (D:5)
  A steam dragon (D:8)
  A vampire mosquito (D:8)
  Menkaure (D:5)
  A water moccasin (D:7)
  An orc warrior (D:8)
  A black bear (D:6)
  An ice beast (D:8)
  A sky beast (D:8)
  7 centaurs
  2 ogres (D:4)
  A lemure (D:6)
  Blork the orc (D:6)
  3 bullfrogs
  A scorpion (D:5)
  A gnoll sergeant (D:7)
  10 wights
  5 killer bees
  2 hounds
  5 orc priests
  3 jellies
  A gnoll bouda (D:7)
  Ijyb (D:3)
  4 iguanas
  2 sleepcaps
  5 orc wizards
  15 adders
  18 gnolls
  4 river rats (Sewer)
  2 white imps (D:6)
  2 worms
  5 dart slugs
  26 orcs
  20 ball pythons
  7 endoplasms
  8 giant cockroaches
  6 goblins
  2 hobgoblins (D:2)
  10 jackals
  9 quokkas
  10 bats
  5 frilled lizards
  12 kobolds
  6 rats
233 creatures vanquished.

Notes
Turn   | Place    | Note
-------+----------+-------------------------------------------
     0 | D:5      | Esekla the Octopode Delver began the quest for the Orb.
     0 | D:5      | Reached XP level 1. HP: 16/16 MP: 1/1
     2 | D:5      | Found a staircase to the Ecumenical Temple.
    19 | Temple   | Entered the Ecumenical Temple
   140 | Temple   | Became a worshipper of Gozag Ym Sagoz the Greedy
   247 | D:4      | Reached XP level 2. HP: 15/21 MP: 2/2
   314 | D:4      | Noticed an ogre
   394 | D:4      | Noticed an ogre
   644 | D:4      | Reached skill level 7 in Stealth
   804 | D:4      | Reached XP level 3. HP: 26/26 MP: 3/3
   991 | D:3      | Found a glowing drain.
   993 | D:3      | Reached XP level 4. HP: 31/31 MP: 5/5
   994 | D:3      | Reached skill level 1 in Spellcasting
  1025 | Sewer    | Entered a sewer
  1412 | Sewer    | Reached XP level 5. HP: 32/36 MP: 7/7
  1925 | D:3      | Reached skill level 8 in Stealth
  1953 | D:3      | Found an iron altar of Okawaru.
  1980 | D:3      | Found a glowing silver altar of Zin.
  2083 | D:3      | Noticed Ijyb
  2339 | D:1      | Reached XP level 6. HP: 37/43 MP: 8/8
  2756 | D:2      | Learned a level 2 spell: Blink
  3729 | D:3      | Killed Ijyb
  3730 | D:3      | Reached skill level 1 in Translocations
  4176 | D:4      | Reached XP level 7. HP: 48/48 MP: 9/9
  4581 | D:5      | Noticed Menkaure
  4587 | D:5      | Killed Menkaure
  5195 | D:5      | Reached skill level 5 in Long Blades
  5228 | D:5      | Reached skill level 1 in Throwing
  5228 | D:5      | Reached XP level 8. HP: 54/54 MP: 11/11
  5310 | D:5      | Noticed Prince Ribbit
  5626 | D:5      | Killed Prince Ribbit
  5801 | D:5      | Found a basalt altar of Yredelemnul.
  5801 | D:5      | Noticed Eustachio
  5808 | D:5      | Killed Eustachio
  6406 | D:6      | Reached skill level 5 in Fighting
  6406 | D:6      | Reached skill level 1 in Short Blades
  6406 | D:6      | Reached skill level 9 in Stealth
  6629 | D:6      | Noticed Blork the orc
  6703 | D:6      | Reached skill level 1 in Shields
  6703 | D:6      | Reached XP level 9. HP: 57/61 MP: 13/13
  6774 | D:6      | Killed Blork the orc
  6949 | D:6      | Noticed Maggie
  7012 | D:6      | Noticed Pikel
  7028 | D:6      | Killed Pikel
  7029 | D:6      | Reached skill level 1 in Evocations
  8345 | D:7      | Found a runed translucent gate.
  8345 | D:7      | Found a runed translucent gate.
  8345 | D:7      | Found a runed translucent gate.
  8347 | D:7      | Noticed SirDiesAlot's ghost (novice SpHu)
  8347 | D:7      | Noticed ZoeForever1's ghost (novice DEFE)
  8395 | D:7      | Reached skill level 5 in Dodging
  8725 | D:7      | Reached skill level 10 in Stealth
  8725 | D:7      | Reached skill level 5 in Translocations
  8725 | D:7      | Reached XP level 10. HP: 67/67 MP: 16/16
  9784 | D:8      | Noticed a kobold demonologist
  9976 | D:8      | Noticed a manticore
 10192 | D:8      | Paralysed by a wight for 4 turns
 10324 | D:8      | Paralysed by a wight for 3 turns
 10539 | D:8      | Slain by a manticore

Illustrated notes

Levels and vault maps discovered:
D:1:      tarquinn_simple_flora_water_b, layout_basic, minmay_tiny_reverse_x
D:2:      layout_loops_corners, grunt_ministairs_14
D:3:      layout_rooms, mainiacjoe_overflow_large_starburst,
          gup_sewer_entry_pipe, uniq_ijyb
D:4:      wander_river, layout_basic
D:5:      layout_cave_pods, overflow_temple_1_default,
          minmay_temple_entry_offerings, uniq_prince_ribbit1, uniq_menkaure,
          uniq_eustachio
D:6:      layout_gridville, kennysheep_generic_room_13, uniq_maggie,
          uniq_blork_the_orc, uniq_pikel
D:7:      layout_loops_ring, gammafunk_ghost_cemetery
D:8:      minmay_the_grid_octo_2x2 [minmay_the_grid_octo_odd_swirl,
          minmay_the_grid_octo_empty, minmay_the_grid_octo_clover,
          minmay_the_grid_octo_prize_ultimate_mussel_roller], layout_basic,
          kennysheep_another_room
Temple:   nicolae_temple_elliptical

Skill      XL: |  1  2  3  4  5  6  7  8  9 10 |
---------------+-------------------------------+-----
Stealth        | 7 8 9 10 | 10.9
Spellcasting   | 1 2 3 4 |  4.7
Long Blades    | 3 4 5 6 7 |  7.9
Dodging        | 3 4 5 |  5.8
Translocations | 1 2 3 5 |  5.2
Fighting       | 4 5 |  5.9
Throwing       | 1 2 |  2.0
Short Blades   | 1 |  1.3
Shields        | 1 2 |  2.1
Evocations     | 1 |  1.2

Action                     |  1- 3 |  4- 6 |  7- 9 | 10-12 || total
---------------------------+-------+-------+-------+-------++-------
  Melee: Scimitar          |    27 |   122 |   129 |    70 ||   348
         Constrict         |     6 |    43 |    38 |    15 ||   102
         Dagger            |     5 |    53 |    34 |    13 ||   105
         Tentacles         |     5 |    25 |    37 |    19 ||    86
         Punch             |       |     2 |     4 |     1 ||     7
  Throw: Dart              |       |     5 |    20 |    17 ||    42
   Cast: Blink             |       |     1 |       |     2 ||     3
  Evoke: Wand              |       |     2 |    10 |     5 ||    17
    Use: Scroll            |     1 |     7 |     2 |     2 ||    12
         Potion            |       |     1 |     1 |     6 ||     8
   Stab: Sleeping          |     6 |    31 |    19 |     8 ||    64
         Distracted        |       |     2 |     2 |       ||     4
         Paralysed         |       |       |     5 |     2 ||     7
 Armour: Skin              |     4 |    16 |     3 |     3 ||    26
  Dodge: Dodged            |    17 |   114 |    91 |    69 ||   291
  Block: Other             |       |    12 |    31 |    23 ||    66
         Reflection        |       |       |     2 |     4 ||     6

Table legend: (Time is in decaauts)
 A = Elapsed time spent in this place.
 B = Non-inter-level travel time spent in this place.
 C = Inter-level travel time spent in this place.
 D = Time resting spent in this place.
 E = Time spent auto-exploring this place.
 F = Levels seen in this place.
 G = Mean time per level.
                   A        B        C        D        E       F      G
               +--------+--------+--------+--------+--------+-----+--------+
         Total |  10512 |  10310 |    202 |   2965 |   2086 |  10 | 1051.2 |
       Dungeon |   9115 |   8933 |    182 |   2304 |   1825 |   8 | 1139.4 |
        Temple |    570 |    550 |     20 |    405 |    104 |   1 |  570.0 |
         Sewer |    825 |    825 |      0 |    256 |    157 |   1 |  825.0 |
               +--------+--------+--------+--------+--------+-----+--------+

Top non-repeatable levels by time:
     D:7: 2056 daAuts
     D:6: 1269 daAuts
     D:4: 1169 daAuts
     D:8: 1131 daAuts
     D:5: 1131 daAuts
     D:2: 1057 daAuts
   Sewer: 825 daAuts
     D:3: 776 daAuts
  Temple: 570 daAuts
     D:1: 524 daAuts
